Map: Catalyst LE

Players

Kelazhur - Winner!

  • Race: Terran Terran
  • Spawn Location: 5:00

CatZ

  • Race: Zerg Zerg
  • League: Grandmaster
  • Spawn Location: 11:00

VOD

Have the link to the VOD?

Description

Time

  • Played on: Feb. 2, 2018, 7:50 p.m.
  • Length: 9:10
Show
View Real Time Build Order
Export as new Build Order

Kelazhur Terran - Winner!

Build Orders: MMM Bio, Banshee Rush 

Get SALT Encoding   

  12  0:00  SCV  
  13  0:13  SCV  
  14  0:17  Supply Depot  
  14  0:25  SCV  
  15  0:38  SCV  
  15  0:39  Barracks  
  16  0:45  Refinery  
  16  0:50  SCV  
  17  1:03  SCV  
  18  1:15  SCV  
  19  1:26  Marine  
  19  1:27  Orbital Command  
  20  1:39  Command Center  
  20  1:44  Marine  
  21  1:51  Bunker  
  21  1:53  SCV  
  22  2:04  Supply Depot  
  22  2:05  Marine  
  23  2:21  Factory  
  23  2:24  Barracks Reactor  
  23  2:26  SCV  
  23  2:27  Refinery  
  24  2:38  SCV  
  25  2:50  SCV  
  26  2:56  Orbital Command  
  26  3:02  SCV  
  27  3:05  Starport  
  27  3:11  Hellion x2  
  31  3:14  SCV  
  31  3:15  Barracks Tech Lab  
  32  3:24  Orbital Command  
  32  3:26  SCV  
  33  3:32  Hellion x2  
  37  3:41  SCV  
  38  3:47  Supply Depot  
  38  3:48  Cloaking Field  
  38  3:49  Banshee  
  38  3:50  SCV  
  42  3:56  SCV  
  42  4:02  SCV  
  44  4:08  Command Center, SCV  
  45  4:12  Barracks Tech Lab  
  45  4:14  SCV  
  46  4:20  SCV  
  45  4:26  SCV  
  45  4:31  Stimpack, Marine  
  41  4:32  SCV  
  41  4:37  Supply Depot, Factory Reactor, Banshee  
  45  4:39  SCV  
  45  4:44  SCV  
  47  4:46  Barracks  
  47  4:50  Barracks  
  47  4:51  SCV  
  48  4:56  SCV  
  48  4:57  Marine  
  50  5:03  SCV  
  51  5:08  SCV  
  51  5:09  Engineering Bay x2  
  52  5:15  SCV, Marine  
  52  5:18  Refinery  
  52  5:19  Refinery  
  52  5:20  SCV  
  55  5:28  SCV  
  56  5:33  Orbital Command, Marine x2  
  56  5:34  Marine  
  59  5:42  Siege Tank  
  62  5:44  Starport Reactor  
  62  5:47  Terran Infantry Weapons Level 1  
  62  5:48  Barracks  
  62  5:49  Barracks, Terran Infantry Armor Level 1  
  62  5:50  SCV, Marine  
  62  5:53  Marine  
  62  5:54  Marine  
  62  5:55  Marine  
  67  5:58  Marine  
  67  6:00  SCV  
  67  6:04  Orbital Command  
  69  6:08  Marine  
  69  6:10  SCV  
  69  6:11  Supply Depot  
  71  6:12  SCV  
  71  6:15  Supply Depot  
  71  6:17  Marine x3  
  75  6:22  SCV  
  75  6:23  Marine  
  77  6:29  Marine  
  77  6:30  SCV, Medivac x2  
  77  6:31  SCV  
  84  6:34  SCV  
  84  6:37  Supply Depot  
  85  6:40  Marine x3  
  85  6:41  Marine  
  85  6:42  Supply Depot, SCV  
  85  6:43  SCV  
  85  6:46  SCV  
  90  6:49  Marine  
  90  6:50  Combat Shields, Barracks Reactor  
  90  6:51  Barracks Reactor  
  92  6:54  SCV, Refinery  
  92  6:56  Armory  
  92  7:01  SCV x2  
  94  7:06  Medivac x2  
  94  7:08  Siege Tank  
  101  7:09  SCV  
  101  7:14  Marine x4, Marauder  
  108  7:17  Supply Depot, SCV  
  108  7:20  SCV  
  108  7:21  SCV  
  111  7:29  SCV  
  112  7:31  Marine  
  112  7:32  SCV  
  112  7:34  SCV  
  112  7:36  Medivac  
  117  7:38  Medivac  
  117  7:39  Supply Depot  
  117  7:40  Supply Depot  
  117  7:41  SCV  
  115  7:47  Marine, Marauder  
  115  7:48  Marine x6  
  115  7:49  Marine  
  122  7:56  SCV x3  
  125  7:59  Refinery  
  125  8:02  Siege Tank  
  125  8:05  Marine x2  
  129  8:06  Marine x2  
  129  8:08  Supply Depot  
  129  8:09  Supply Depot  
  129  8:10  Marine x4, Marauder  
  138  8:15  Supply Depot  
  138  8:17  Medivac  
  140  8:24  Marine  
  141  8:29  Medivac, Marine x3  
  147  8:34  Marauder  
  147  8:41  Marine x4  
  137  8:46  Marine  
  141  8:50  Barracks  
  141  8:52  Barracks, Command Center  
  141  8:54  Barracks  
Show
View Real Time Build Order
Export as new Build Order

CatZ Zerg 

Build Orders: 3 Hatch before Pool 

Get SALT Encoding   

  12  0:00  Drone  
  13  0:12  Overlord  
  13  0:17  Drone  
  14  0:30  Drone  
  14  0:31  Drone  
  16  0:35  Drone  
  17  0:55  Hatchery  
  16  0:57  Drone  
  16  1:02  Drone  
  18  1:21  Hatchery  
  17  1:34  Spawning Pool  
  17  1:36  Drone  
  17  1:40  Drone  
  17  1:43  Drone  
  17  1:45  Extractor  
  19  1:54  Drone  
  20  2:20  Queen x2  
  20  2:22  Drone x4  
  28  2:24  Overlord  
  28  2:28  Extractor  
  29  2:40  Drone x2  
  31  2:47  Drone x2  
  31  2:51  Drone  
  32  2:58  Hatchery  
  32  3:01  Drone  
  32  3:02  Drone  
  33  3:06  Queen  
  33  3:10  Drone  
  36  3:24  Overlord  
  36  3:35  Overlord  
  36  3:41  Overlord  
  36  3:42  Queen  
  36  3:43  Queen  
  36  3:45  Zergling x4  
  36  3:46  Drone  
  43  3:48  Drone  
  43  3:50  Metabolic Boost  
  44  3:56  Drone x3  
  44  4:00  Zergling x4  
  44  4:02  Drone  
  50  4:04  Drone  
  50  4:06  Drone  
  50  4:08  Drone  
  53  4:12  Zergling x2  
  53  4:15  Zergling x4  
  52  4:27  Drone  
  52  4:28  Drone x2  
  52  4:29  Drone  
  55  4:32  Queen  
  55  4:35  Drone x3  
  60  4:40  Drone x2  
  60  4:44  Lair  
  60  4:46  Drone x3  
  60  4:47  Drone  
  60  4:51  Extractor  
  63  4:56  Drone, Evolution Chamber  
  63  4:59  Drone x3  
  66  5:07  Overlord  
  66  5:08  Drone, Evolution Chamber  
  66  5:09  Overlord  
  66  5:16  Overlord  
  66  5:18  Spore Crawler  
  66  5:21  Spore Crawler x2, Overlord  
  61  5:25  Drone  
  61  5:27  Overlord  
  58  5:30  Drone  
  58  5:33  Drone  
  58  5:35  Drone  
  60  5:40  Drone x3  
  60  5:41  Drone  
  63  5:43  Drone  
  63  5:47  Overlord  
  64  5:50  Zerg Melee Weapons Level 1  
  64  5:54  Zerg Ground Armor Level 1  
  64  6:03  Zergling x2  
  64  6:04  Zergling x10  
  70  6:08  Drone x2  
  70  6:09  Drone  
  73  6:14  Drone x2, Hydralisk Den  
  74  6:20  Extractor  
  74  6:21  Extractor, Baneling Nest  
  74  6:24  Zergling x2  
  74  6:25  Zergling x8  
  76  6:28  Drone  
  76  6:29  Drone  
  75  6:46  Drone x2  
  66  6:48  Drone  
  66  6:49  Drone x2  
  66  6:50  Drone x4  
  73  6:55  Muscular Augments  
  73  7:05  Drone x6  
  73  7:07  Hydralisk x5  
  89  7:08  Hydralisk  
  91  7:20  Hatchery  
  90  7:24  Drone x5  
  90  7:25  Extractor x2  
  90  7:28  Overlord  
  93  7:36  Baneling x8  
  93  7:37  Overlord x2  
  86  7:50  Hydralisk  
  86  7:51  Hydralisk x2  
  84  7:55  Hydralisk x2  
  89  8:03  Drone x4  
  89  8:04  Drone x2  
  95  8:06  Drone  
  96  8:19  Zergling x16  
  104  8:25  Hydralisk  
  105  8:36  Hydralisk  
  105  8:37  Hydralisk  
  105  8:38  Hydralisk  
  88  8:41  Hydralisk  
  88  8:45  Zergling x12  
  88  8:46  Zergling x6  
Tags
 
Composition
MMM Bio
Matchup
TvZ
Spawn Locations
Cross Positions
Strategy
Banshee Rush
Add a new tag
Caveats
  • Supply blocks, unpowered buildings, or Contaminate may cause inaccurate times.
  • Supply counts are checked every 10 seconds.